 Dungeon Crawl Stone Soup version 0.25.1-2-g60ff931df9 (webtiles) character file.

Game seed: 12571244142333485353

1157 Descartes the Sneak (level 8, 0/50 HPs)
             Began as an Octopode Wanderer on Aug 6, 2020.
             Slain by a hippogriff (7 damage)
             ... on level 6 of the Dungeon.
             The game lasted 00:09:58 (6670 turns).

Descartes the Sneak (Octopode Wanderer)             Turns: 6670, Time: 00:10:00

Health: 0/50       AC:  1    Str: 19    XL:     8   Next: 39%
Magic:  8/8        EV: 13    Int: 13    God:
Gold:   213        SH: 10    Dex: 13    Spells: 7/7 levels left

rFire    x . .     SeeInvis .   x - +6 dagger "Liboheap" {freeze, rF- rC+ Str+6}
rCold    + . .     Gourm    .   p - +0 kite shield
rNeg     . . .     Faith    .   (helmet restricted)
rPois    +         Spirit   .   B - amulet of regeneration
rElec    .         Reflect  .   A - ring of poison resistance
rCorr    .         Harm     .   (no ring)
MR       .....                  (no ring)
Stlth    ++++......             (no ring)
HPRegen  0.56/turn              (no ring)
MPRegen  0.11/turn              (no ring)
                                (no ring)
                                (no ring)

@: no status effects
A: almost no armour, stealthy swim, amphibious, 8 rings, constrict 8, camouflage
1, gelatinous body 1
a: no special abilities


You were on level 6 of the Dungeon.
You were hungry.

You visited 2 branches of the dungeon, and saw 7 of its levels.

You collected 301 gold pieces.
You spent 88 gold pieces at shops.

Inventory:

Hand Weapons
 g - a +0 rapier
 o - a +0 short sword of speed
 x - the +6 dagger "Liboheap" (weapon) {freeze, rF- rC+ Str+6}
   (You found it on level 4 of the Dungeon)

   It has been specially enchanted to freeze those struck by it, causing extra
   injury to most foes and up to half again as much damage against particularly
   susceptible opponents.
   It can also slow down cold-blooded creatures.
   It affects your strength (+6).
   It makes you vulnerable to fire.
   It protects you from cold.
Missiles
 d - 41 poisoned darts (quivered)
 h - 254 stones
 m - 37 bolts
 q - 57 sling bullets
 r - 66 arrows
 y - 4 boomerangs
Armour
 p - a +0 kite shield (worn)
Jewellery
 A - a ring of poison resistance (left tentacle)
 B - an amulet of regeneration (around mantle)
Scrolls
 b - a scroll of fear
 j - a scroll of identify
 l - 3 scrolls of immolation
 t - 2 scrolls of amnesia
 u - 2 scrolls of blinking
 w - 2 scrolls of teleportation
Potions
 a - 2 potions of magic
 c - 4 potions of curing
 e - a potion of berserk rage
 i - 4 potions of flight
 k - a potion of lignification
 n - a potion of might
 s - a potion of brilliance
 v - a potion of ambrosia
 z - 2 potions of stabbing
Comestibles
 f - 8 rations


   Skills:
 - Level 2.0 Fighting
 + Level 4.2 Short Blades
   Level 1.0 Bows
 - Level 1.0 Throwing
 + Level 4.8 Dodging
 + Level 6.4 Stealth
 * Level 5.6 Shields
 - Level 2.0 Unarmed Combat
   Level 1.1 Evocations


You had 7 spell levels left.
You didn't know any spells.
Your spell library contained the following spells:

 Spells                   Type           Power        Failure   Level  Hunger
 Animate Skeleton         Necr           N/A          71%         1    ##.....
 Apportation              Tloc           #.....       71%         1    ##.....
 Beastly Appendage        Tmut           #.....       71%         1    ##.....
 Corona                   Hex            #......      71%         1    ##.....
 Summon Small Mammal      Summ           #...         71%         1    ##.....
 Sticks to Snakes         Tmut           #.......     83%         2    ###....
 Spider Form              Tmut/Pois      #.........   97%         3    ####...
 Ice Form                 Ice/Tmut       #.......     100%        4    #####..
 Blade Hands              Tmut           #.........   100%        5    ######.


Dungeon Overview and Level Annotations

Branches:
Dungeon (6/15)             Temple (1/1) D:4

Altars:
Cheibriados
Dithmenos
Elyvilon
Gozag
Hepliaklqana
Kikubaaqudgha
Makhleb
Qazlal
Ru
Sif Muna
Trog
Uskayaw
Vehumet
Wu Jian
Xom
Yredelemnul
Zin
The Shining One

Shops:
D:5 !


Innate Abilities, Weirdness & Mutations

You cannot wear most types of armour.
You are very stealthy in the water. (Stealth+)
You are amphibious.
You can wear up to eight rings at the same time.
You can use your tentacles to constrict eight enemies at once.
Your skin changes colour to match your surroundings (Stealth+).
Your rubbery body absorbs attacks. (AC +1, EV +1)


Message History

You are too injured to fight recklessly!
You block the hippogriff's attack. x3; The orc hits you with a +0 short sword!
* * * LOW HITPOINT WARNING * * *
You are feeling hungry.
You hit the hippogriff. You freeze the hippogriff.
The hippogriff is severely wounded.
The hippogriff bites you!
* * * LOW HITPOINT WARNING * * *
You block the hippogriff's attack. x2
You closely miss the hippogriff.
The hippogriff is severely wounded.
The hippogriff misses you. You block the hippogriff's attack.
The hippogriff claws you but does no damage.
Your shield prevents you from hitting the hippogriff.
Your squeeze misses the hippogriff.
The hippogriff is severely wounded.
The hippogriff barely misses you. The hippogriff pecks you.
* * * LOW HITPOINT WARNING * * *
The hippogriff claws you!
You die...

......)...##
......)....###
.....#.......#
.............# .#
.......###...# #.#
......# ##oZ# #.#
.....# #o## #.# #...#
#H# ##.# ...# #@##
##..# ##### .#
#..####...####...<
###.................
####.....#####....###..
.........## #...## #.
.######..# ##..## .
#..# ##..## ##..#
##..## ##...###..##


You could see a hippogriff, 2 orcs and a centaur skeleton.

Vanquished Creatures
  An ice beast (D:4)
  A black bear (D:4)
  A sky beast (D:5)
  A phantom (D:4)
  A bullfrog (D:5)
  2 scorpions
  2 crimson imps (D:5)
  A jelly (D:5)
  An orc priest (D:3)
  A bullfrog skeleton (D:4)
  3 orc wizards
  2 iguanas
  Terence (D:3)
  2 worker ants
  A hound zombie (D:5)
  Robin (D:2)
  A howler monkey skeleton (D:5)
  9 adders
  2 oozes
  An adder skeleton (D:4)
  An adder zombie (D:5)
  4 worms
  4 dart slugs
  5 leopard geckos
  12 orcs
  6 bats
  5 giant cockroaches
  11 goblins
  6 hobgoblins
  10 jackals
  9 kobolds
  5 quokkas
  A ball python (D:3)
  3 frilled lizards
  A leopard gecko skeleton (D:5)
  A quokka zombie (D:5)
  2 rats
121 creatures vanquished.

Notes
Turn   | Place    | Note
-------+----------+-------------------------------------------
     0 | D:1      | Descartes the Octopode Wanderer began the quest for the
                  | Orb.
     0 | D:1      | Descartes set off with the following items: a +0 dagger, a
                  | scroll of fear, a potion of curing, 10 poisoned darts, a
                  | potion of berserk rage, a ration
     0 | D:1      | Reached XP level 1. HP: 14/14 MP: 1/1
   387 | D:1      | Reached skill level 2 in Stealth
   387 | D:1      | Reached XP level 2. HP: 19/19 MP: 2/2
   444 | D:1      | Reached skill level 1 in Short Blades
   802 | D:1      | Reached XP level 3. HP: 20/24 MP: 3/3
  1620 | D:2      | Reached skill level 3 in Stealth
  1620 | D:2      | Reached XP level 4. HP: 29/29 MP: 4/4
  1623 | D:2      | Reached skill level 1 in Shields
  2129 | D:3      | Noticed Robin
  2207 | D:2      | Killed Robin
  2285 | D:3      | Reached XP level 5. HP: 24/34 MP: 5/5
  2678 | D:3      | Found a faded altar of an unknown god.
  3221 | D:3      | Reached skill level 4 in Stealth
  3227 | D:3      | Reached XP level 6. HP: 39/39 MP: 6/6
  3251 | D:3      | Found a bloodstained altar of Trog.
  3251 | D:3      | Noticed Terence
  3259 | D:3      | Killed Terence
  3677 | D:4      | Found a staircase to the Ecumenical Temple.
  3686 | Temple   | Entered the Ecumenical Temple
  3833 | D:4      | Noticed a phantom
  3909 | D:4      | Found a transporter.
  3932 | D:4      | Killed a phantom
  4196 | D:4      | Noticed an ice beast
  4198 | D:4      | Found an ornate altar of the Wu Jian Council.
  4200 | D:4      | Noticed a black bear
  4244 | D:4      | Found a transporter.
  4481 | D:4      | Got a steaming dagger
  4482 | D:4      | Identified the +6 dagger "Liboheap" {freeze, rF- rC+ Str+6}
                  | (You found it on level 4 of the Dungeon)
  4572 | D:4      | Reached XP level 7. HP: 45/45 MP: 7/7
  4947 | D:5      | Entered Level 5 of the Dungeon
  4978 | D:5      | Reached skill level 5 in Stealth
  5485 | D:5      | Found Lonutwet's Distillery.
  5491 | D:5      | Bought a potion of might for 44 gold pieces
  5491 | D:5      | Bought a potion of brilliance for 44 gold pieces
  5843 | D:5      | Reached skill level 6 in Stealth
  5843 | D:5      | Reached skill level 5 in Shields
  5843 | D:5      | Reached XP level 8. HP: 19/50 MP: 8/8
  6645 | D:6      | Noticed a hippogriff
  6670 | D:6      | Slain by a hippogriff

Illustrated notes

Levels and vault maps discovered:
D:1:      psy_arrival_radial02, layout_loops_ring, minmay_pentomino_q2
D:2:      layout_loops_cross
D:3:      layout_loops_ring, bloody_trog,
          chequers_ecumenical_altar_simple_redux, uniq_robin, uniq_terence
D:4:      layout_layer_cave, gammafunk_temple_overflow_arena, temple_pool_b,
          first_ration, minivault_25
D:5:      minmay_recursive_quarters, layout_gridville, serial_shops, shop
D:6:      layout_layer_cave, tgw_xom
Temple:   nicolae_temple_elliptical

Skill      XL: |  1  2  3  4  5  6  7  8 |
---------------+-------------------------+-----
Stealth        | 2 3 4 6 |  6.4
Short Blades   | 1 2 3 4 |  4.2
Shields        | 1 2 3 5 |  5.6
Dodging        | 3 4 |  4.8
Fighting       | |  2.0
Bows           | |  1.0
Throwing       | |  1.0
Unarmed Combat | |  2.0
Evocations     | |  1.1

Action                   |  1- 3 |  4- 6 |  7- 9 || total
-------------------------+-------+-------+-------++-------
Melee: Dagger            |    40 |     1 |    94 ||   135
       Constrict         |    18 |    33 |    17 ||    68
       Tentacles         |    13 |    38 |    19 ||    70
       Short sword       |    19 |   176 |       ||   195
       Punch             |       |     3 |       ||     3
  Use: Scroll            |       |     5 |     6 ||    11
 Stab: Sleeping          |     7 |    10 |     7 ||    24
  Eat: Chunk             |     2 |     6 |     6 ||    14
       Ration            |       |     1 |       ||     1
Armor: Skin              |     1 |     6 |     6 ||    13
Dodge: Dodged            |    26 |    35 |    26 ||    87
Block: Kite shield       |     3 |    41 |    59 ||   103
